 Dungeon Crawl Stone Soup version 0.23-a0-109-g5e4b187028 (webtiles) character file.

2001 MrRokkomies the Grappler (level 9, 0/74 HPs)
             Began as a Ghoul Monk on Aug 22, 2018.
             Slain by a crimson imp (3 damage)
             ... on level 7 of the Dungeon.
             The game lasted 00:13:18 (6029 turns).

MrRokkomies the Grappler (Ghoul Monk)               Turns: 6029, Time: 00:13:19

Health: 0/74       AC:  6    Str: 18    XL:     9   Next: 22%
Magic:  8/8        EV: 11    Int:  5    God:
Gold:   309        SH:  5    Dex: 11    Spells: 8/8 levels left

rFire    . . .     SeeInvis .     - Unarmed
rCold    + . .     Gourm    .   a - +0 buckler
rNeg     + + +     Faith    .   h - +1 ring mail
rPois    ∞         Spirit   .   (no helmet)
rElec    .         Reflect  .   (no cloak)
rCorr    .         Harm     .   (no gloves)
MR       .....     Rnd*Tele +   (no boots)
Stlth    +.........             d - amulet of the acrobat
HPRegen  0.00/turn              n - ring of teleportation (curse)
MPRegen  0.11/turn              q - ring of wizardry

@: marked, rotting
A: rotting body, claws 1, carnivore, cold resistance 1, negative energy
resistance 3, inhibited regeneration, torment resistance, unbreathing
a: no special abilities


You were on level 7 of the Dungeon.
You were not hungry.

You visited 1 branch of the dungeon, and saw 8 of its levels.

You collected 309 gold pieces.

Inventory:

Missiles
 f - 4 steel javelins (quivered)
Armour
 a - a +0 buckler (worn)
 h - a +1 ring mail (worn)
Jewellery
 c - an uncursed amulet of faith
 d - an amulet of the acrobat (around neck)
 j - an uncursed ring of flight
 k - a cursed amulet of inaccuracy {unknown}
 n - a cursed ring of teleportation (left claw)
 q - a ring of wizardry (right claw)
Wands
 i - a wand of iceblast (19)
 r - a wand of paralysis (4)
Scrolls
 p - 2 scrolls of fog
 s - 2 scrolls of identify
Potions
 g - a potion of flight {unknown}
 l - a potion of berserk rage
 m - a potion of might {unknown}
 o - a potion of agility {unknown}
Comestibles
 b - 9 rations
 t - 2 chunks of flesh


   Skills:
 - Level 5.0 Fighting
 * Level 2.8 Throwing
 - Level 2.6 Dodging
 - Level 2.1 Stealth
 - Level 6.0 Shields
 * Level 9.7 Unarmed Combat


You had 8 spell levels left.
You didn't know any spells.
Your spell library was empty.

Dungeon Overview and Level Annotations

Branches:
Dungeon (8/15)
 Temple: D:4-7         Lair: D:8-11

Altars:
Hepliaklqana
Qazlal
Trog
Vehumet
Yredelemnul

Shops:
D:6 *

Annotations:
D:6 Blork the orc, Eustachio
D:8 Harold


Innate Abilities, Weirdness & Mutations

Your body is rotting away.
You thrive on raw meat.
You are immune to poison.
You have sharp fingernails.
You are carnivorous and can eat meat at any time.
Your flesh is cold resistant. (rC+)
You are immune to negative energy. (rN+++)
You do not regenerate when monsters are visible.
You are immune to unholy pain and torment.
You can survive without breathing.


Message History

Press: ? - help, Shift-Dir - straight line, f - wight, p - crimson imp
Aim: a wight, wielding a scimitar of freezing and wearing a robe (moderately damaged, chance to defeat MR: 46%)
The wight resists with some effort.
The wight hits you but does no damage.
Evoke which item? (* to show all) (? for menu, Esc to quit)
Aiming: Paralyse
Press: ? - help, Shift-Dir - straight line, f/p - wight
Aim: a wight, wielding a scimitar of freezing and wearing a robe (moderately damaged, chance to defeat MR: 46%)
The wight resists with some effort.
You block the wight's attack.
Evoke which item? (* to show all) (? for menu, Esc to quit)
Aiming: Paralyse
Press: ? - help, Shift-Dir - straight line, f/p - wight
Aim: a wight, wielding a scimitar of freezing and wearing a robe (moderately damaged, chance to defeat MR: 46%)
The wight resists with some effort.
The crimson imp barely misses you. The wight barely misses you.
Evoke which item? (* to show all) (? for menu, Esc to quit)
Aiming: Paralyse
Press: ? - help, Shift-Dir - straight line, f/p - wight
Aim: a wight, wielding a scimitar of freezing and wearing a robe (moderately damaged, chance to defeat MR: 46%)
The wight suddenly stops moving!
The crimson imp hits you.
You die...

...... ............
..#### #.#.....#.# ..#
#.#####...######
..######...............
.................#.#####
.#######.........# .....
...) .(........#.# .....
#####..........#z#......
Z #.#..(.....5@.......
## #.#..#.#............
# # #..#.....##...#### #
......#### ..!# ... ...#
.. ...# . .... ....#


You could see a wight (paralysed) and a crimson imp.

Vanquished Creatures
  A hippogriff (D:7)
  An orc warrior (D:7)
  2 ice beasts
  A black bear (D:5)
  2 ogres (D:5)
  2 centaurs
  2 scorpions
  9 wights
  A howler monkey (D:4)
  2 crimson imps (D:8)
  2 centaur zombies
  3 hounds
  2 jellies (D:5)
  An orc priest (D:3)
  2 worker ants (D:4)
  A hound zombie (D:7)
  A hound skeleton (D:8)
  A worker ant zombie (D:6)
  A howler monkey skeleton (D:6)
  6 adders
  A shadow imp (D:5)
  3 oozes
  An adder zombie (D:1)
  3 adder skeletons
  3 worms
  4 leopard geckos
  12 orcs
  A bat zombie (D:1)
  9 giant cockroaches
  6 hobgoblins
  11 jackals
  9 kobolds
  4 quokkas
  3 ball pythons
  8 bats
  6 frilled lizards
  5 goblins
  6 rats
138 creatures vanquished.

Notes
Turn   | Place    | Note
-------+----------+-------------------------------------------
     0 | D:1      | MrRokkomies the Ghoul Monk began the quest for the Orb.
     0 | D:1      | Reached XP level 1. HP: 19/19 MP: 0/0
    69 | D:1      | Reached XP level 2. HP: 15/26 MP: 1/1
   420 | D:1      | Reached XP level 3. HP: 20/33 MP: 2/2
   423 | D:1      | Reached skill level 4 in Unarmed Combat
   560 | D:1      | You fall through a shaft!
   635 | D:2      | Reached XP level 4. HP: 33/40 MP: 3/3
  1379 | D:3      | Reached XP level 5. HP: 47/47 MP: 4/4
  1799 | D:3      | Reached skill level 5 in Fighting
  1824 | D:3      | Reached skill level 5 in Unarmed Combat
  2075 | D:3      | Reached skill level 1 in Shields
  2156 | D:3      | Found a hazy altar of Hepliaklqana.
  2395 | D:4      | Found a stormy altar of Qazlal.
  2447 | D:4      | Reached XP level 6. HP: 27/56 MP: 5/5
  2830 | D:4      | Reached skill level 6 in Unarmed Combat
  3256 | D:5      | Entered Level 5 of the Dungeon
  3404 | D:5      | Reached XP level 7. HP: 45/61 MP: 6/6
  3620 | D:5      | Reached skill level 7 in Unarmed Combat
  4289 | D:6      | Noticed Blork the orc
  4291 | D:6      | Noticed Eustachio
  4417 | D:6      | Found Qihain's General Store.
  4451 | D:5      | Reached XP level 8. HP: 25/67 MP: 7/7
  4692 | D:7      | Noticed a hippogriff
  4710 | D:7      | Reached skill level 5 in Shields
  4710 | D:7      | Reached skill level 8 in Unarmed Combat
  4730 | D:8      | Found a radiant altar of Vehumet.
  5182 | D:8      | Found a basalt altar of Yredelemnul.
  5399 | D:8      | Reached skill level 9 in Unarmed Combat
  5489 | D:8      | Reached skill level 1 in Throwing
  5668 | D:8      | Reached XP level 9. HP: 67/71 MP: 8/8
  5869 | D:8      | Found a bloodstained altar of Trog.
  5882 | D:8      | Noticed Harold
  6024 | D:7      | HP: 3/74 [wight/scimitar of freezing (2)]
  6029 | D:7      | Slain by a crimson imp

Vault maps used:
D:1:      saegor_arrival_fortress
D:3:      marbit_many_paths, kennysheep_generic_room_2
D:4:      overflow_temple_1_default, first_ration
D:5:      minmay_misc_feat_more_columns, hex_medium
D:6:      minmay_temple_entry_from_below_b, serial_shops, shop, sword_in_stone
D:7:      old_standard_altar, minmay_guarded_unrand_finisher
D:8:      bloody_trog, old_standard_altar, basic_altar, uniq_harold

Skill      XL: |  1  2  3  4  5  6  7  8  9 |
---------------+----------------------------+-----
Fighting       | 4 5 |  5.0
Unarmed Combat | 4 5 6 7 9 |  9.7
Shields        | 1 3 4 6 |  6.0
Throwing       | 1 2 |  2.8
Dodging        | |  2.6
Stealth        | |  2.1

Action                   |  1- 3 |  4- 6 |  7- 9 || total
-------------------------+-------+-------+-------++-------
Melee: Unarmed           |   103 |   204 |   263 ||   570
       Punch             |     3 |       |       ||     3
Throw: Tomahawk          |       |     4 |     4 ||     8
       Javelin           |       |     3 |     6 ||     9
Evoke: Wand              |       |       |     4 ||     4
  Use: Scroll            |       |     9 |     6 ||    15
       Potion            |       |       |     2 ||     2
 Stab: Sleeping          |     2 |     1 |       ||     3
  Eat: Chunk             |     5 |     9 |    13 ||    27
       Ration            |       |       |     1 ||     1
Armor: Robe              |    16 |       |       ||    16
       Ring mail         |    12 |    50 |    70 ||   132
Dodge: Dodged            |    81 |   129 |   176 ||   386
Block: Buckler           |       |    28 |    68 ||    96

Table legend:
 A = Non-vault XP
 B = Vault XP
 C = Vault XP percentage of total XP
 D = Non-vault monster count
 E = Vault monster count
 F = Vault count percentage of total count
                 A         B        C        D         E       F
            +---------+---------+-------+---------+---------+-------
      Total |    2709 |     150 |   5.2 |     131 |       7 |   5.1
            +---------+---------+-------+---------+---------+-------
        D:1 |      53 |       8 |  13.1 |      28 |       2 |   6.7
        D:2 |      75 |       0 |   0.0 |      22 |       0 |   0.0
        D:3 |     105 |       9 |   7.9 |      23 |       4 |  14.8
        D:4 |     230 |       0 |   0.0 |      12 |       0 |   0.0
        D:5 |     733 |       0 |   0.0 |      14 |       0 |   0.0
        D:6 |     147 |       0 |   0.0 |       8 |       0 |   0.0
        D:7 |     445 |     133 |  23.0 |       8 |       1 |  11.1
        D:8 |     921 |       0 |   0.0 |      16 |       0 |   0.0
            +---------+---------+-------+---------+---------+-------
